 Dungeon Crawl Stone Soup version 0.18-a0-1542-g9c1a92e (webtiles) character file.

1801 Ratboiler the Covert (level 8, 0/34 HPs)
             Began as a Felid Wanderer on Mar 10, 2016.
             Was a Priest of Dithmenos.
             Slain by a cyclops (24 damage)
             ... on level 11 of the Dungeon.
             The game lasted 00:30:01 (11149 turns).

Ratboiler the Covert (Felid Wanderer)              Turns: 11149, Time: 00:30:02

Health: 0/34       AC:  2    Str: 10    XL:     8   Next: 83%
Magic:  9/9        EV: 18    Int: 14    God:    Dithmenos [***...]
Gold:   396        SH:  0    Dex: 16    Spells: 2 memorised, 3 levels left
                                        Lives:  0   Deaths: 2

rFire  . . .     SeeInvis +       - Unarmed
rCold  . . .     Gourm    .     (armour unavailable)
rNeg   . . .     Faith    +     (shield unavailable)
rPois  .         Spirit   .     (helmet unavailable)
rElec  .         Dismiss  .     (cloak unavailable)
rCorr  .         Reflect  .     (gloves unavailable)
SustAt .         Harm     .     (boots unavailable)
MR     +....     Rnd*Tele +     E - amulet of faith
Stlth  ++++++++++               n - ring of stealth
                                r - ring of teleportation (curse)

@: wreathed by umbra, quick, somewhat resistant to hostile enchantments,
uncannily stealthy
A: no armour, no weapons or thrown items, claws 1, fangs 3, see invisible,
carnivore 3, speed 1, shaggy fur 2, slow metabolism 1, sharp paws
a: Shadow Step, Renounce Religion


You were on level 11 of the Dungeon.
You worshipped Dithmenos.
Dithmenos was most pleased with you.
You were not hungry.

You visited 1 branch of the dungeon, and saw 11 of its levels.

You collected 396 gold pieces.

Inventory:

Jewellery
 n - a ring of stealth (right paw)
 p - an uncursed ring of magical power
 r - a cursed ring of teleportation (left paw)
 E - an amulet of faith (around neck)
Wands
 s - a wand of acid (0/15)
 v - a wand of slowing (1/48)
 w - a wand of polymorph (0/24)
 C - a wand of teleportation (0/9)
Scrolls
 b - a scroll of blinking
 c - 2 scrolls of teleportation
 k - a scroll of fear
 t - 2 scrolls of immolation
 x - 2 scrolls of recharging
 y - 2 scrolls of noise
Potions
 e - a potion of cancellation
 g - a potion of brilliance
 i - a potion of magic
 j - 3 potions of haste
 l - 2 potions of lignification
 u - a potion of might
 D - a potion of ambrosia
Books
 q - a book of Minor Magic

   Spells                             Type                      Level
   a - Magic Dart                     Conjuration                  1
   b - Blink                          Translocation                2
   c - Call Imp                       Summoning                    2
   d - Repel Missiles                 Charms/Air                   2
   e - Slow                           Hexes                        2
   f - Conjure Flame                  Conjuration/Fire             3
   g - Mephitic Cloud                 Conjuration/Poison/Air       3
 z - a Necronomicon

   Spells                             Type                      Level
   a - Haunt                          Necromancy/Summoning         7
   b - Borgnjor's Revivification      Necromancy                   8
   c - Death's Door                   Charms/Necromancy            8
   d - Necromutation                  Transmutation/Necromancy     8
Comestibles
 f - 5 meat rations
 B - a beef jerky


   Skills:
 - Level 3.0 Fighting
 * Level 3.3 Dodging
 - Level 12.7 Stealth
 - Level 10.8 Unarmed Combat


You had 3 spell levels left.
You knew the following spells:

 Your Spells              Type           Power        Failure   Level  Hunger
a - Blink                 Tloc           N/A          43%         2    ###....
b - Repel Missiles        Chrm/Air       #.....       43%         2    ###....


Dungeon Overview and Level Annotations

Branches:
Dungeon (11/15)            Temple (0/1) D:4
   Lair: D:8-11         Orc: D:9-12

Altars:
Ashenzari
Cheibriados
Dithmenos
Elyvilon
Gozag
Kikubaaqudgha
Makhleb
Xom
Yredelemnul

Annotations:
D:3 1 exclusion
D:7 kona's ghost, novice HuFi
D:8 exclusion: upstairs
D:11 exclusions: door and upstairs


Innate Abilities, Weirdness & Mutations

You cannot wear armour.
You are incapable of wielding weapons or throwing items.
You have sharp claws.
You have razor-sharp teeth.
You have supernaturally acute eyesight.
You are carnivorous and can eat meat at any time.
You cover ground quickly.
You are covered in thick fur (AC +2).
You have a slow metabolism.
Your sharp claws are effective at attacking unaware monsters.


Message History

There is an open door here.
You close the door.
There is a stone staircase leading up here.
You start resting.
You are suddenly yanked towards a nearby monster!
Your surroundings suddenly seem different.
Unknown command.
You pounce on the helpless cyclops from a blind spot!
You mangle the cyclops!! You bite the cyclops.
The cyclops is heavily wounded.
You claw the cyclops!
The cyclops is severely wounded.
The cyclops misses you.
You claw the cyclops!
The cyclops is almost dead.
You claw the cyclops! You claw the cyclops, but do no damage.
The cyclops is almost dead.
The cyclops hits you!!
Ouch! That really hurt!
You die...

#.............§§§# #......
#..............§§# #......
#.............§§§# #......
#.............§.§# #......
#.....Y...C..§.§§# #......
#..........Y..§..# #......
#.....#.....####### #######
#...(.#.....#..C..#
#.....#.....#..@..#
#....Y#.....'.....#
#.....#.....#.....#
#.....#.....#.....#
#.....#.....#.....#
#....Y#######################
#....(..#........#...........
#.......#........#...........
#....Y..#........#...........


You could see a cyclops.

Vanquished Creatures
  Joseph (D:8)
  A spriggan (D:10)
  A vampire (D:11)
  A mottled dragon (D:10)
  A water moccasin (D:9)
  2 orc warriors
  A sky beast (D:7)
  An ice beast (D:11)
  2 ogres
  A black bear (D:9)
  A centaur (D:9)
  A crocodile (D:10)
  5 giant frogs
  A wyvern zombie (D:10)
  2 scorpions
  A water moccasin skeleton (D:10)
  A killer bee (D:9)
  4 wights (D:7)
  2 centaur zombies
  A jelly (D:5)
  3 crimson imps
  2 orc priests
  3 iguanas
  5 orc wizards
  A gnoll shaman (D:7)
  10 worker ants
  A hound zombie (D:5)
  2 hound skeletons
  A worker ant zombie (D:9)
  6 gnolls
  4 adders
  2 shadow imps
  An adder skeleton (D:4)
  2 worms
  A dart slug (D:1)
  5 giant geckos
  38 orcs
  2 ball pythons
  5 bats
  7 giant cockroaches
  5 goblins
  6 hobgoblins
  9 jackals
  2 quokkas
  7 giant newts
  11 kobolds
  5 rats
177 creatures vanquished.

Vanquished Creatures (others)
  A worker ant (D:6)
  A quokka (D:6)
2 creatures vanquished.

Grand Total: 179 creatures vanquished

Notes
Turn   | Place    | Note
--------------------------------------------------------------
     0 | D:1      | Ratboiler the Felid Wanderer began the quest for the Orb.
     0 | D:1      | Ratboiler set off with: a potion of berserk rage, a scroll of blinking, a scroll of teleportation, a potion of lignification, a meat ration
     0 | D:1      | Reached XP level 1. HP: 10/10 MP: 2/2
   577 | D:1      | Reached XP level 2. HP: 11/14 MP: 3/3
  1620 | D:2      | Reached skill level 5 in Stealth
  1620 | D:2      | Reached XP level 3. HP: 17/17 MP: 4/4
  2089 | D:3      | Noticed an ice beast
  2195 | D:5      | Entered Level 5 of the Dungeon
  2205 | D:5      | Reached XP level 4. HP: 18/21 MP: 5/5
  2333 | D:5      | Noticed a giant frog
  2397 | D:5      | You fall through a shaft!
  2434 | D:6      | Found a snail-covered altar of Cheibriados.
  2449 | D:6      | Found an opulent altar of Gozag.
  2584 | D:6      | Noticed an ogre
  2594 | D:7      | Noticed kona's ghost (novice HuFi)
  2633 | D:7      | Noticed a sky beast
  2638 | D:7      | Killed a sky beast
  2638 | D:7      | Reached skill level 6 in Stealth
  2638 | D:7      | Reached XP level 5. HP: 24/24 MP: 6/6
  3044 | D:7      | Noticed a hungry ghost
  3190 | D:6      | Found a shadowy altar of Dithmenos.
  3203 | D:6      | Became a worshipper of Dithmenos the Shadowed
  3246 | D:6      | Learned a level 2 spell: Blink
  3249 | D:6      | Learned a level 2 spell: Repel Missiles
  3306 | D:6      | Reached skill level 5 in Unarmed Combat
  4106 | D:3      | Found a shimmering altar of Xom.
  4107 | D:3      | Found a burning altar of Makhleb.
  4130 | D:3      | Reached * piety under Dithmenos
  4130 | D:3      | Gained mutation: You are covered in thick fur (AC +2). [Felid growth]
  4130 | D:3      | Reached XP level 6. HP: 28/28 MP: 7/7
  4170 | D:4      | Found a white marble altar of Elyvilon.
  4230 | D:4      | Found a staircase to the Ecumenical Temple.
  5103 | D:5      | Noticed an ice beast
  5132 | D:5      | Reached XP level 7. HP: 25/31 MP: 8/8
  5471 | D:6      | Reached skill level 7 in Stealth
  5612 | D:6      | Slain by a gnoll
  5613 | D:6      | Reached XP level 6. HP: 0/28 MP: 16/16
  5656 | D:6      | Reached ** piety under Dithmenos
  5956 | D:7      | Reached XP level 7. HP: 31/31 MP: 8/8
  6297 | D:7      | Reached skill level 8 in Stealth
  6907 | D:8      | Reached skill level 9 in Stealth
  6998 | D:8      | Noticed Joseph
  7003 | D:8      | Killed Joseph
  7003 | D:8      | Reached XP level 8. HP: 17/34 MP: 9/9
  7510 | D:8      | Reached skill level 10 in Stealth
  7996 | D:9      | Found an ancient bone altar of Kikubaaqudgha.
  8194 | D:9      | Found a shattered altar of Ashenzari.
  8201 | D:9      | Reached skill level 11 in Stealth
  8700 | D:10     | Entered Level 10 of the Dungeon
  8728 | D:9      | Reached skill level 10 in Unarmed Combat
  8805 | D:10     | Noticed a hill giant
  9077 | D:11     | Reached *** piety under Dithmenos
  9080 | D:11     | Reached XP level 9. HP: 37/37 MP: 10/10
  9173 | D:11     | Noticed a merfolk
  9544 | D:11     | Reached skill level 12 in Stealth
  9567 | D:11     | Noticed a cyclops
  9576 | D:11     | Noticed a hill giant
  9672 | D:11     | Noticed a green ugly thing
  9933 | D:10     | Noticed a hill giant
  9942 | D:10     | Demolished by a hill giant
  9943 | D:10     | Reached XP level 8. HP: -16/51 MP: 9/9
 10436 | D:10     | Noticed a komodo dragon
 10613 | D:9      | Found a basalt altar of Yredelemnul.
 10707 | D:10     | Noticed a komodo dragon
 10845 | D:10     | a komodo dragon changed into a spriggan
 11149 | D:11     | Slain by a cyclops

Vault maps used:
D:1:      ncdulo_watergridlock, serial_glass, glass_columns_a, glass_columns_a,
          minmay_strange_pillars, minmay_strange_pillars,
          minmay_strange_pillars, minmay_misc_feat_cross
D:2:      tgw_fedhas
D:3:      grunt_temple_overflow_champion_of_chaos
D:4:      minmay_temple_entry_enclosed_plants, elyvilon_altar_5
D:5:      grunt_temple_overflow_bloody_war, kennysheep_little_box,
          nicolae_ru_sacrificial_ziggurat, first_bread
D:6:      lemuel_doored_altar, grunt_gozag_breadcrumbs, old_standard_altar,
          lemuel_flame_loot_1
D:7:      lemuel_coloured_pillars_altar
D:8:      uniq_joseph
D:9:      lemuel_upstairs_altar, old_standard_altar, lemuel_crystal_altar,
          gammafunk_temple_overflow_wave, serial_shops, shop
D:10:     erik_lair_dragon, orc_0_dummy
D:11:     serial_shops, shop, hangedman_fish_farm

Skill      XL: |  1  2  3  4  5  6  7  8  9 |
---------------+----------------------------+-----
Stealth        | 5 6 9 11 12 | 12.7
Unarmed Combat | 4 5 8 9 10 | 10.8
Dodging        | 3 |  3.3
Fighting       | |  3.0

Action                   |  1- 3 |  4- 6 |  7- 9 || total
-------------------------+-------+-------+-------++-------
Melee: Unarmed           |    94 |   143 |   217 ||   454
Evoke: Wand              |       |     8 |    13 ||    21
  Use: Potion            |     3 |       |     4 ||     7
       Scroll            |       |     7 |    11 ||    18
 Stab: Sleeping          |    11 |    19 |    32 ||    62
       Distracted        |       |     3 |     3 ||     6
  Eat: Chunk             |    10 |     7 |     2 ||    19
       Royal jelly       |       |       |     1 ||     1
       Pizza             |       |       |     1 ||     1
